 Dungeon Crawl Stone Soup version 0.29-a0-517-gbdf32494f2 (webtiles) character file.

Game seed: 12642827415710261055

136 DocClef the Covert (level 5, -5/47 HPs)
             Began as a Gnoll Delver on May 30, 2022.
             Slain by a river rat (6 damage)
             ... in a sewer.
             The game lasted 00:01:05 (431 turns).

DocClef the Covert (Gnoll Delver)                    Turns: 431, Time: 00:01:06

Health: -5/47      AC:  3    Str: 13    XL:     5   Next: 19%
Magic:  7/7        EV: 13    Int: 10    God:
Gold:   59         SH:  0    Dex: 13    Spells: 6/6 levels left

rFire   . . .      SeeInvis .   a - +0 short sword
rCold   . . .      Faith    .   (no shield)
rNeg    . . .      Spirit   .   b - +0 leather armour
rPois   .          Reflect  .   (no helmet)
rElec   .          Harm     .   (no cloak)
rCorr   .          Rampage  .   (no gloves)
Will    .....                   (no boots)
Stlth   ++++......              (no amulet)
HPRegen 0.15/turn               (no ring)
MPRegen 0.10/turn               (no ring)

@: no status effects
A: fangs 1, strong nose, distributed training
a: no special abilities


You were in a sewer.
You visited 1 branch of the dungeon, and saw 2 of its levels.
You also visited: Sewer.

You collected 59 gold pieces.

Inventory:

Hand Weapons
 a - a +0 short sword (weapon)
Armour
 b - a +0 leather armour (worn)
Jewellery
 j - a ring of protection from fire
Wands
 g - a wand of digging (3)
Scrolls
 c - a scroll of fog
 d - a scroll of magic mapping
 e - a scroll of fear
 h - 3 scrolls of identify {unknown}
Potions
 f - a potion of haste
 i - a potion of ambrosia {unknown}


   Skills:
 + Level 6.6 Fighting
 + Level 4.7 Short Blades
 + Level 1.4 Long Blades
 + Level 1.4 Axes
 + Level 1.4 Maces & Flails
 + Level 1.4 Polearms
 + Level 1.4 Staves
 + Level 1.4 Slings
 + Level 1.4 Bows
 + Level 1.4 Crossbows
 + Level 1.4 Throwing
 + Level 1.4 Armour
 + Level 4.7 Dodging
 + Level 9.6 Stealth
 + Level 1.4 Shields
 + Level 1.4 Unarmed Combat
 + Level 1.4 Spellcasting
 + Level 1.1 Conjurations
 + Level 1.1 Hexes
 + Level 1.1 Summonings
 + Level 1.1 Necromancy
 + Level 1.1 Translocations
 + Level 1.1 Transmutations
 + Level 1.1 Fire Magic
 + Level 1.1 Ice Magic
 + Level 1.1 Air Magic
 + Level 1.1 Earth Magic
 + Level 1.1 Poison Magic
 + Level 1.5 Invocations
 + Level 1.4 Evocations


You had 6 spell levels left.
You didn't know any spells.
Your spell library was empty.

Dungeon Overview and Level Annotations

Branches:
Dungeon (6/15)              Sewer (1/1)
 Temple: D:4-7

Altars:
Elyvilon

Shops:
D:6 [


Innate Abilities, Weirdness & Mutations

You have very sharp teeth.
Your uncanny sense of smell can sniff out nearby items.
Your experience applies equally to all skills.


Message History

You punch the river rat, but do no damage.
The river rat is lightly wounded.
The rat bites you but does no damage. The river rat completely misses you.
You hit the river rat.
The river rat is heavily wounded.
The rat bites you.
* * * LOW HITPOINT WARNING * * *
The river rat bites you but does no damage.
You hit the river rat but do no damage.
The river rat is heavily wounded.
The rat completely misses you. The river rat misses you.
You hit the river rat but do no damage.
The river rat is heavily wounded.
The rat barely misses you. The river rat bites you.
* * * LOW HITPOINT WARNING * * *
You barely miss the river rat.
The river rat is heavily wounded.
The rat bites you.
* * * LOW HITPOINT WARNING * * *
The river rat misses you.
You hit the river rat.
The river rat is severely wounded.
You hit the river rat but do no damage.
The river rat is severely wounded.
The rat closely misses you. The river rat closely misses you.
You barely miss the river rat.
The river rat is severely wounded.
The rat twitches its whiskers.
The rat bites you.
* * * LOW HITPOINT WARNING * * *
The river rat bites you but does no damage.
You hit the river rat but do no damage.
The river rat is severely wounded.
The rat closely misses you. The river rat bites you.
* * * LOW HITPOINT WARNING * * *
You hit the river rat but do no damage.
You bite the river rat, but do no damage.
The river rat is heavily wounded.
The rat misses you. The river rat bites you.
You die...

# .## ≈≈# r ≈..#
≈≈ ∆∆∆∆∆ #≈≈≈#
≈≈.# ∆ ∆###≈.≈#
≈...≈#####@r.≈≈#
#r≈.≈.∩.≈≈r.###
###≈≈.∩≈.≈###
#########


You could see a river rat and a rat.

Vanquished Creatures
  An ice beast (D:6)
  A howler monkey (D:6)
  A giant cockroach (D:6)
  A ball python (D:6)
  2 rats
6 creatures vanquished.

Notes
Turn   | Place    | Note
-------+----------+-------------------------------------------
     0 | D:5      | Reached skill level 9 in Stealth
     0 | D:5      | DocClef the Gnoll Delver began the quest for the Orb.
     0 | D:5      | Reached XP level 1. HP: 23/23 MP: 1/1
    17 | D:5      | Noticed an ogre
    33 | D:6      | Noticed a howler monkey
    35 | D:6      | Found Coarun's Antique Armour Emporium.
    50 | D:6      | Killed a howler monkey
    51 | D:6      | Reached skill level 1 in Invocations
    51 | D:6      | Reached XP level 2. HP: 6/29 MP: 1/3
    51 | D:6      | Reached XP level 3. HP: 8/35 MP: 1/4
    57 | D:6      | Noticed a black bear
   302 | D:6      | Found a white marble altar of Elyvilon.
   351 | D:6      | Noticed an ice beast
   352 | D:6      | Found a glowing drain.
   368 | D:6      | Killed an ice beast
   369 | D:6      | Reached skill level 1 in Long Blades
   369 | D:6      | Reached skill level 1 in Axes
   369 | D:6      | Reached skill level 1 in Maces & Flails
   369 | D:6      | Reached skill level 1 in Polearms
   369 | D:6      | Reached skill level 1 in Staves
   369 | D:6      | Reached skill level 1 in Slings
   369 | D:6      | Reached skill level 1 in Bows
   369 | D:6      | Reached skill level 1 in Crossbows
   369 | D:6      | Reached skill level 1 in Throwing
   369 | D:6      | Reached skill level 1 in Armour
   369 | D:6      | Reached skill level 1 in Shields
   369 | D:6      | Reached skill level 1 in Unarmed Combat
   369 | D:6      | Reached skill level 1 in Spellcasting
   369 | D:6      | Reached skill level 1 in Conjurations
   369 | D:6      | Reached skill level 1 in Hexes
   369 | D:6      | Reached skill level 1 in Summonings
   369 | D:6      | Reached skill level 1 in Necromancy
   369 | D:6      | Reached skill level 1 in Translocations
   369 | D:6      | Reached skill level 1 in Transmutations
   369 | D:6      | Reached skill level 1 in Fire Magic
   369 | D:6      | Reached skill level 1 in Ice Magic
   369 | D:6      | Reached skill level 1 in Air Magic
   369 | D:6      | Reached skill level 1 in Earth Magic
   369 | D:6      | Reached skill level 1 in Poison Magic
   369 | D:6      | Reached skill level 1 in Evocations
   369 | D:6      | Reached XP level 4. HP: 41/41 MP: 4/6
   369 | D:6      | Reached XP level 5. HP: 47/47 MP: 4/7
   399 | Sewer    | Entered a sewer
   430 | Sewer    | HP: 1/47 [river rat (4)]
   431 | Sewer    | Slain by a river rat

Illustrated notes

Levels and vault maps discovered:
D:5:      layout_basic, minmay_temple_entry_hall, uniq_ijyb, uniq_sigmund,
          uniq_menkaure
D:6:      layout_rooms, elyvilon_altar_5, serial_shops,
          nicolae_shop_window_shopping, cheibrodos_sewer_entry_drain
Sewer:    sewer_hellmonk_bad_rat

Skill      XL: |  1  2  3 |
---------------+----------+-----
Stealth        | |  9.6
Invocations    | 1 |  1.5
Long Blades    | 1 |  1.4
Axes           | 1 |  1.4
Maces & Flails | 1 |  1.4
Polearms       | 1 |  1.4
Staves         | 1 |  1.4
Slings         | 1 |  1.4
Bows           | 1 |  1.4
Crossbows      | 1 |  1.4
Throwing       | 1 |  1.4
Armour         | 1 |  1.4
Shields        | 1 |  1.4
Unarmed Combat | 1 |  1.4
Spellcasting   | 1 |  1.4
Conjurations   | 1 |  1.1
Hexes          | 1 |  1.1
Summonings     | 1 |  1.1
Necromancy     | 1 |  1.1
Translocations | 1 |  1.1
Transmutations | 1 |  1.1
Fire Magic     | 1 |  1.1
Ice Magic      | 1 |  1.1
Air Magic      | 1 |  1.1
Earth Magic    | 1 |  1.1
Poison Magic   | 1 |  1.1
Evocations     | 1 |  1.4
Fighting       | |  6.6
Short Blades   | |  4.7
Dodging        | |  4.7

Action                   |  1- 3 |  4- 6 || total
-------------------------+-------+-------++-------
Melee: Short sword       |    16 |    35 ||    51
       Bite              |     2 |     4 ||     6
       Punch             |       |     1 ||     1
 Stab: Sleeping          |     1 |       ||     1
Armor: Leather armour    |       |    14 ||    14
Dodge: Dodged            |    10 |    36 ||    46

Table legend: (Time is in decaauts)
 A = Elapsed time spent in this place.
 B = Non-inter-level travel time spent in this place.
 C = Inter-level travel time spent in this place.
 D = Time resting spent in this place.
 E = Time spent auto-exploring this place.
 F = Levels seen in this place.
 G = Mean time per level.
                   A        B        C        D        E       F      G
               +--------+--------+--------+--------+--------+-----+--------+
         Total |    426 |    426 |      0 |    121 |    146 |   3 |  142.0 |
       Dungeon |    396 |    396 |      0 |    121 |    146 |   2 |  198.0 |
         Sewer |     29 |     29 |      0 |      0 |      0 |   1 |   29.0 |
               +--------+--------+--------+--------+--------+-----+--------+

Top non-repeatable levels by time:
     D:6: 363 daAuts
     D:5: 33 daAuts
   Sewer: 29 daAuts
